← All builds
Geo sea / Armada / Economy first / OBSERVED BUILD

Standard geo sea

Armada Geo sea build order · Supreme Isthmus

Standard Geo sea play: bot lab then shipyard in the cove, an early submarine and destroyer to contest the sea, geothermal around 7:40 to fund the later fleet transition.

Usually shipyard in the cove (87%)

#naval #eco · 741 distinct matches · 101 players · 80% of Armada Geo sea games · team won 54% of 791 · Recently observed

HOW TO PLAY IT

Key timing: Shipyard by 3:13

  1. Open 3 mex and wind into Bot Lab.
  2. Put up Shipyard with naval turret and BP for defense.
  3. Send out "submarine" then "destroyer" to contest the sea.
  4. Bring geothermal online to fund the fleet.
  5. Add Advanced Metal Extractor as the economy transitions.

Phase by phase

TYPICAL OF ITS 741 GAMES
  1. 1
  2. 2
  3. 3
  4. 4
PLAY THE OPENING

Follow the example game's first 6:00 step by step: what to build now, what comes next, and where it goes. At 1× it keeps pace with your own game.

  1. 1

    Up to the Bot Lab

    Economy
    • Metal Extractor3Mex
    • Wind Turbine3Wind
    Order
    1. Bot LabBot Lab after 3 mex, 3 winddone ~1:12, middle half 1:06–1:18

    Some games also: wind for allies (44%)

    By 0:55 in all: 3 mex · 3 wind

    The example game in this phase · 3 steps
    1. Mex ×3
    2. Wind ×4
    3. Bot LabBot Labdone 1:13 · typical 1:12
  2. 2

    Bot Lab to Shipyard

    Economy
    • Metal Extractor1Mex
    • Wind Turbine1Wind
    Order
    1. ShipyardShipyard after 4 mex, 4 winddone ~3:11, middle half 2:50–3:36
    Builders
    • Construction Bot3 Con bot
    • Lazarus2 Lazarus

    Some games also: pawn (43%) · con turret (37%) · crossbow (35%)

    By 2:47 in all: 4 mex · 4 wind

    The example game in this phase · 9 steps
    1. LazarusLazarus ×3
    2. Construction BotCon bot ×2
    3. Con turret
    4. Construction BotCon bot
    5. Energy storage
    6. Mex
    7. Converter
    8. Con turret
    9. ShipyardShipyarddone 3:34 · typical 3:11
  3. 3

    Shipyard to 5:00

    Economy
    • Metal Extractor4Mex
    • Wind Turbine1Wind
    Builders
    • Construction Ship1 Con ship
    Army
    • Dolphin3 Dolphin
    • Skater1 Skater
    • Corsair1 Destroyer
    Other
    • Radar Tower1 Radar Tower

    Some games also: submarine (44%) · Sentry (44%) · converter (32%) · pawn (32%) · con turret (31%)

    By 5:00 in all: 8 mex · 7 wind · 1 energy storage · 1 con turret

    The example game in this phase · 26 steps
    1. Wind ×2
    2. Mex
    3. Converter
    4. Wind
    5. Converter
    6. Wind
    7. Mex
    8. Construction ShipCon ship
    9. Converter
    10. Radar TowerRadar Tower
    11. Converter
    12. DolphinDolphin ×2
    13. Wind
    14. Mex
    15. Converter
    16. DolphinDolphin
    17. Wind
    18. DolphinDolphin
    19. Wind
    20. DolphinDolphin
    21. Mex
    22. Wind
    23. EelSubmarinedone 4:55 · typical 4:21
    24. Wind ×3
    25. DolphinDolphin
    26. Wind
  4. 4

    5:00 to 10:00

    Economy
    • Metal Extractor2Mex
    • Wind Turbine12Wind
    • Energy Converter2Converter
    Builders
    • Construction Turret1 Con turret
    • Construction Ship1 Con ship
    • Grim Reaper1 Grim Reaper
    Army
    • Sentry1 Sentry
    • Dolphin5 Dolphin
    • Corsair2 Destroyer
    • Skater2 Skater

    Some games also: Radar Tower (48%) · geo (40%) · frigate (40%) · Harpoon (39%) · Naval Construction Turret (34%)

    By 10:00 in all: 11 mex · 19 wind · 1 geo · 4 converter · 1 energy storage · 2 con turret

    The example game in this phase · 89 steps
    1. Mex
    2. DolphinDolphin
    3. Wind
    4. Radar TowerRadar Tower
    5. Wind
    6. DolphinDolphin
    7. Wind
    8. DolphinDolphin
    9. SentrySentry
    10. Wind
    11. Radar TowerRadar Tower
    12. Naval Radar / Sonar TowerNaval Radar / Sonar Tower
    13. Grim ReaperGrim Reaper
    14. CorsairDestroyernot finished by 15:00 · typical 5:36
    15. Wind
    16. Grim ReaperGrim Reaper
    17. Wind
    18. CorsairDestroyer
    19. Grim ReaperGrim Reaper
    20. Wind
    21. NettleNettle
    22. Wind
    23. CorsairDestroyer
    24. Mex
    25. Wind ×2
    26. Geothermal PowerplantGeodone 9:03 · typical 7:46
    27. Wind
    28. Mex
    29. Wind
    30. SkaterSkater
    31. Wind ×2
    32. CorsairDestroyer
    33. Wind
    34. Naval Radar / Sonar TowerNaval Radar / Sonar Tower
    35. Wind
    36. Con turret
    37. Advanced Metal ExtractorT2 mexdone 7:47 · typical 9:17
    38. Wind
    39. Advanced Metal ExtractorT2 mex
    40. Mex
    41. CorsairDestroyer
    42. Advanced Metal ExtractorT2 mex
    43. SkaterSkater
    44. CorsairDestroyer
    45. Advanced Metal ExtractorT2 mex
    46. CorsairDestroyer
    47. Construction ShipCon ship
    48. CorsairDestroyer
    49. Naval Radar / Sonar TowerNaval Radar / Sonar Tower
    50. Naval Construction Turret ×2
    51. Advanced Metal ExtractorT2 mex
    52. SkaterSkater
    53. CorsairDestroyer
    54. DolphinDolphin ×2
    55. Advanced ShipyardAdvanced Shipyarddone 11:11
    56. DolphinDolphin ×5
    57. Advanced Metal ExtractorT2 mex
    58. Naval Construction Turret
    59. Construction ShipCon ship
    60. Naval Construction Turret
    61. Advanced Construction SubAdvanced Construction Sub
    62. Naval Construction Turret ×2
    63. VoyagerVoyager ×3
    64. Naval Advanced Metal ExtractorNaval Advanced Metal Extractordone 12:21
    65. HavenHaven
    66. Con turret
    67. Energy storage
    68. HavenHaven
    69. Advanced Geothermal PowerplantAdvanced Geothermal Powerplantdone 14:13
    70. Naval Advanced Metal ExtractorNaval Advanced Metal Extractor
    71. Mex
    72. HavenHaven
    73. BermudaRadar jammer ship
    74. Advanced Metal ExtractorT2 mex
    75. Mex
    76. LongbowMissile cruiserdone 13:26
    77. Naval Advanced Metal ExtractorNaval Advanced Metal Extractor
    78. Con turret
    79. LongbowMissile cruiser
    80. Con turret
    81. Mex
    82. LongbowMissile cruiser
    83. Con turret
    84. Naval Advanced Metal ExtractorNaval Advanced Metal Extractor
    85. Advanced Metal ExtractorT2 mex
    86. DreadnoughtBattleshipdone 14:59
    87. Converter
    88. Naval Advanced Metal ExtractorNaval Advanced Metal Extractor
    89. Converter ×3

Counts are medians over the build's games: half of them build more, half fewer. The example game is TodoAoi's (36 OS, 06/08/2026); pick another.

Team trades

IN AT LEAST 30% OF ITS GAMES

You hand over

  • Wind Turbine2 Wind to Airfirst at 1:41 · in 62% of games

You get

  • Finch1 Finch from Airfirst at 1:51 · in 74% of games
  • Hercules1 Light transport from Airfirst at 2:05 · in 63% of games
  • Advanced Construction Bot1 T2 con bot from Techfirst at 7:41 · in 89% of games

How it plays out

Typical game of this build, running totals by minute

Metal produced

010k20k30k
0:005:0010:0015:00

metal

Enemy metal destroyed

05k10k
0:005:0010:0015:00

metal

Own metal lost

02.5k5k7.5k
0:005:0010:0015:00

metal

791 games.

Show as table
ByMetal produced: This buildEnemy metal destroyed: This buildOwn metal lost: This build
1:0039500
2:0092800
3:00160200
4:002919051
5:00414517674
6:005553544312
7:0071121005650
8:00877617751054
9:001068325511695
10:001295135102275
11:001568346973191
12:001864157823974
13:002185969034814
14:002555779955686
15:002902091276710
WHAT THE NUMBERS SAY

Standard Armada geo sea nearly matches Cortex's economy numbers but wins slightly more often at 53%.

  • + Metal produced reaches 28785 by 15:00, the highest of the sea builds
  • + Own metal lost of 6895 stays well under enemy metal destroyed's 9048
  • − Geothermal only lands in 58% of games by 7:34
  • − T2 factory completes in only 40% of games by 12:43
THE EXAMPLE YOU ARE READING

TodoAoi

36.2 OS · 06/08/2026

Open source match ↗

6 received units · includes a constructor
100 metal received · 81584 energy received

Allied construction assistance is unknown. Timings are observations, not a promise of solo reproducibility.

Typical milestones

Bot Lab1:12Middle 50%: 1:06–1:18 · n=759
Shipyard3:11Middle 50%: 2:50–3:36 · n=780
Eel4:21Middle 50%: 3:41–5:34 · n=473
Corsair5:36Middle 50%: 4:50–6:34 · n=730
Geothermal Powerplant7:46Middle 50%: 6:48–9:15 · n=482
Advanced Metal Extractor9:17Middle 50%: 8:37–10:06 · n=689

Played most by

Optimusprimenutt52games of this build_X_49games of this buildKingBenjai49games of this buildhaaven43games of this buildHummell34games of this build